 Dungeon Crawl Stone Soup version 0.21.1-1-g345015f (webtiles) character file.

558 theblackcape the Changer (level 7, -1/64 HPs)
             Began as a Naga Transmuter on July 9, 2018.
             Was a Follower of Cheibriados.
             Splashed by a jelly's acid (9 damage)
             ... on level 5 of the Dungeon on July 12, 2018.
             The game lasted 00:15:49 (6208 turns).

theblackcape the Changer (Naga Transmuter)          Turns: 6208, Time: 00:15:50

Health: -1/64      AC: -2    Str: 16    XL:     7   Next: 31%
Magic:  5/11       EV: 10    Int: 14    God:    Cheibriados [*.....]
Gold:   173        SH:  0    Dex: 16    Spells: 9/12 levels left

rFire    . . .     SeeInvis +     - Unarmed
rCold    . . .     Gourm    .   (no shield)
rNeg     . . .     Faith    .   b - +1 robe
rPois    +         Spirit   .   (no helmet)
rElec    .         Reflect  .   g - scarf {cloud immunity}
rCorr    .         Harm     .   (no gloves)
MR       .....                  (no barding)
Stlth    +.........             (no amulet)
HPRegen  0.20/turn              r - ring of wizardry
MPRegen  0.12/turn              (no ring)

@: appendage, corroded, very slow
A: large, horns 2, rugged brown scales 1, see invisible, deformed body, dopey 1,
poison resistance, robust 1, slowness 2, slow metabolism 1, spit poison 1,
sturdy frame 1, AC +2
a: Spit Poison, End Transformation, Bend Time, Renounce Religion


You were on level 5 of the Dungeon.
You worshipped Cheibriados.
Cheibriados was aware of your devotion.
You were not hungry.
You had grown temporary horns.
You visited 2 branches of the dungeon, and saw 7 of its levels.

You collected 173 gold pieces.

Inventory:

Missiles
 a - 158 arrows
 s - 3 tomahawks (quivered)
 v - 8 tomahawks of returning
Armour
 b - a +1 robe (worn)
 g - a scarf of cloud immunity (worn)
Jewellery
 r - a ring of wizardry (left hand)
Wands
 t - a wand of paralysis (16)
 A - a wand of polymorph (12)
Scrolls
 e - a scroll of magic mapping {unknown}
 f - a scroll of enchant armour
 l - 4 scrolls of identify {unknown}
 q - a scroll of random uselessness {unknown}
 x - a scroll of remove curse {unknown}
 z - a scroll of fear {unknown}
Potions
 h - a potion of flight {unknown}
 i - a potion of brilliance {unknown}
 j - a potion of degeneration {unknown}
 k - a potion of mutation
 m - a potion of heal wounds
 o - 2 potions of curing {unknown}
 u - 2 potions of magic {unknown}
 w - a potion of lignification {unknown}
Books
 c - a book of Changes

   Spells                             Type                      Level
   a - Beastly Appendage              Transmutation                1
   b - Sticks to Snakes               Transmutation                2
   c - Spider Form                    Transmutation/Poison         3
   d - Ice Form                       Ice/Transmutation            4
   e - Blade Hands                    Transmutation                5
 p - a book of Minor Magic

   Spells                             Type                      Level
   a - Magic Dart                     Conjuration                  1
   b - Blink                          Translocation                2
   c - Call Imp                       Summoning                    2
   d - Slow                           Hexes                        2
   e - Conjure Flame                  Conjuration/Fire             3
   f - Mephitic Cloud                 Conjuration/Poison/Air       3
 y - a book of Maledictions

   Spells                             Type                      Level
   a - Corona                         Hexes                        1
   b - Ensorcelled Hibernation        Hexes/Ice                    2
   c - Confuse                        Hexes                        3
   d - Tukima's Dance                 Hexes                        3
   e - Dazzling Spray                 Conjuration/Hexes            3
Comestibles
 d - 8 rations


   Skills:
 - Level 1.0 Fighting
 - Level 1.9 Dodging
 - Level 3.3 Unarmed Combat
 - Level 3.2 Spellcasting
 * Level 6.9 Transmutations


You had 9 spell levels left.
You knew the following spells:

 Your Spells              Type           Power        Failure   Level  Hunger
a - Beastly Appendage     Tmut           ###...       1%          1    #......
b - Sticks to Snakes      Tmut           ###.....     1%          2    ##.....


Dungeon Overview and Level Annotations

Branches:
Dungeon (6/15)             Temple (1/1) D:5

Altars:
Cheibriados
Kikubaaqudgha
Trog


Innate Abilities, Weirdness & Mutations

You cannot wear boots.
Your serpentine skin is tough. (AC +2)
You have supernaturally acute eyesight. (SInv)
Armour fits poorly on your strangely shaped body.
Your system is resistant to poisons. (rPois)
You cover ground very slowly.
You have a slow metabolism.
You can spit poison.
You have a pair of horns on your head.
You are partially covered in rugged brown scales. (AC +1, +3% HP)
You are dopey. (Int -2)
You are robust. (+10% HP)
Your movements are slightly less encumbered by armour. (ER -2)


Message History

You hit the gnoll.
You kill the gnoll!
Cheibriados thoroughly appreciates the change of pace.
The jelly hits you.
You are splashed with acid!
The acid burns!
* * * LOW HITPOINT WARNING * * *
Unknown command.
You hit the jelly but do no damage. The acid corrodes you!
Your hands burn!
* * * LOW HITPOINT WARNING * * *
Your ball python bites the jelly.
Your ball python is burned by acid!
Your ball python withers and dies!
The jelly barely misses you.
Your ball python bites the jelly.
Your ball python is burned by acid!
Your ball python withers and dies!
The jelly closely misses you.
Casting: Sticks to Snakes
Confirm with . or Enter, or press ? or * to list all spells.
You create a snake!
You now have 158 arrows.
The jelly hits you.
* * * LOW HITPOINT WARNING * * *
You are splashed with acid!
The acid burns!
You die...

8...8...8..#.#.# ###......§..
..#...#....#...# ##........#≈#
.###.###.#.#...## #.........###
..#...#....#....## #............
8...8...8........# ##.........).
..#...#..........## ####........
..######......)...# ######### ..#
##.......J..# ####.. ###
##.........@.# ###.....
#.....<......########....... #
#..........S###..........##. #
#.........##.......##.#####. ###
##.......##..8...8..##..##.. ..#
#.......#...........####...
..######......#.....8.....##.....
..............#..<.....>..#......
..########.#..#.....8.....#......


You could see a jelly and a friendly ball python.

Vanquished Creatures
  An ice beast (D:5)
  An ogre (D:5)
  A scorpion (D:5)
  A howler monkey (D:5)
  A bullfrog zombie (D:5)
  A jelly (D:4)
  2 bullfrog skeletons
  A worker ant (D:4)
  4 adders
  5 gnolls
  A worm (D:3)
  2 dart slugs (D:1)
  4 leopard geckos
  An orc (D:5)
  6 bats
  3 giant cockroaches
  6 goblins
  5 hobgoblins
  4 jackals (D:4)
  4 quokkas
  2 ball pythons (D:2)
  2 frilled lizards
  A jackal zombie (D:5)
  5 kobolds
  A leopard gecko skeleton (D:5)
  A quokka skeleton (D:5)
  7 rats
73 creatures vanquished.

Vanquished Creatures (collateral kills)
  2 gnolls (D:5)
  An adder (D:5)
3 creatures vanquished.

Grand Total: 76 creatures vanquished

Notes
Turn   | Place    | Note
-------+----------+-------------------------------------------
     0 | D:1      | theblackcape the Naga Transmuter began the quest for the Orb.
     0 | D:1      | Reached XP level 1. HP: 18/18 MP: 3/3
    65 | D:1      | Reached XP level 2. HP: 15/25 MP: 3/5
   924 | D:2      | Reached XP level 3. HP: 22/31 MP: 4/6
   975 | D:2      | Gained mutation: Your movements are slightly less encumbered by armour. (ER -2) [potion of mutation]
   975 | D:2      | Gained mutation: You are dopey. (Int -2) [potion of mutation]
   975 | D:2      | Gained mutation: You are robust. (+10% HP) [potion of mutation]
   975 | D:2      | Gained mutation: You are partially covered in rugged brown scales. (AC +1, +3% HP) [potion of mutation]
  1475 | D:2      | Learned a level 2 spell: Sticks to Snakes
  1526 | D:2      | Found a bloodstained altar of Trog.
  1943 | D:2      | Found a snail-covered altar of Cheibriados.
  2058 | D:2      | Became a worshipper of Cheibriados the Contemplative
  2560 | D:2      | Reached skill level 3 in Transmutations
  2560 | D:2      | Reached XP level 4. HP: 15/42 MP: 5/8
  3514 | D:4      | Reached * piety under Cheibriados
  3782 | D:4      | Reached XP level 5. HP: 41/49 MP: 7/9
  3805 | D:4      | Reached skill level 4 in Transmutations
  4192 | D:5      | Entered Level 5 of the Dungeon
  4626 | D:5      | Reached XP level 6. HP: 45/57 MP: 10/10
  4700 | D:5      | Reached skill level 5 in Transmutations
  4880 | D:5      | Noticed an ice beast
  4892 | D:5      | Killed an ice beast
  4892 | D:5      | Reached skill level 6 in Transmutations
  5156 | D:5      | Reached XP level 7. HP: 41/64 MP: 5/11
  5163 | D:5      | Found a staircase to the Ecumenical Temple.
  5169 | Temple   | Entered the Ecumenical Temple
  5530 | D:5      | Found an ancient bone altar of Kikubaaqudgha.
  6208 | D:5      | Splashed by a jelly's acid

Skill      XL: |  1  2  3  4  5  6 |
---------------+-------------------+-----
Transmutations | 3 4 6 |  6.9
Spellcasting   | 3 |  3.2
Fighting       | |  1.0
Dodging        | |  1.9
Unarmed Combat | |  3.3

Action                   |  1- 3 |  4- 6 |  7- 9 || total
-------------------------+-------+-------+-------++-------
Melee: Unarmed           |   169 |   126 |    49 ||   344
       Headbutt          |    10 |    23 |    15 ||    48
       Punch             |       |       |     1 ||     1
 Cast: Beastly Appendage |    24 |    18 |     9 ||    51
       Sticks to Snakes  |       |     3 |     7 ||    10
Evoke: Wand              |       |     1 |     1 ||     2
  Use: Scroll            |     4 |     1 |       ||     5
       Potion            |     2 |       |       ||     2
 Stab: Sleeping          |     1 |       |       ||     1
       Distracted        |       |     1 |       ||     1
       Paralysed         |       |     5 |       ||     5
  Eat: Chunk             |     4 |     5 |     3 ||    12
Armor: Robe              |    72 |    33 |    13 ||   118
Dodge: Dodged            |   126 |    65 |    38 ||   229
